 Dungeon Crawl Stone Soup version 0.30-b1-2-g02819fbbbe (webtiles) character file.

Game seed: 9003861853371872517

209 raph the Stinger (level 5, -1/38 HPs)
             Began as a Draconian Venom Mage on May 7, 2023.
             Was a Follower of Kikubaaqudgha.
             Killed by divine providence
             ... invoked by an orc priest
              (9 damage)
             ... on level 4 of the Dungeon.
             The game lasted 00:06:06 (3055 turns).

raph the Stinger (Draconian Venom Mage)             Turns: 3055, Time: 00:06:07

Health: -1/38      AC:  6    Str: 10    XL:     5   Next: 55%
Magic:  8/9        EV: 12    Int: 17    God:    Kikubaaqudgha [*.....]
Gold:   182        SH:  5    Dex: 12    Spells: 3/9 levels left

rFire   . . .        a - +1 sling
rCold   + . .        (no shield)
rNeg    . . .        (body armour unavailable)
rPois   .            (helmet restricted)
rElec   .            (no cloak)
rCorr   .            n - +0 pair of gloves
SInv    .            (no boots)
Will    .....        l - amulet of reflection
Stlth   ++           i - ring of protection from cold
HPRegen 0.26/turn    (no ring)
MPRegen 0.11/turn

%: reflection
@: no status effects
A: AC +5, unfitting armour, cold-blooded
a: Renounce Religion, Unearth Wretches


You were on level 4 of the Dungeon.
You worshipped Kikubaaqudgha.
Kikubaaqudgha was aware of your devotion.
You visited 1 branch of the dungeon, and saw 4 of its levels.

You collected 182 gold pieces.

Inventory:

Hand Weapons
 a - a +1 sling (weapon)
 b - a +2 dagger of protection
 g - a +0 dagger
Armour
 n - a +0 pair of gloves (worn)
Jewellery
 d - a ring of fire
 i - a ring of protection from cold (left hand)
 l - an amulet of reflection (around neck)
Potions
 c - 2 potions of magic
 e - 2 potions of lignification
 f - 4 potions of haste
 h - 2 potions of brilliance
 j - a potion of might {unknown}
 k - a potion of mutation


   Skills:
 - Level 1.7 Dodging
 - Level 1.7 Stealth
 + Level 2.7 Spellcasting
 + Level 1.9 Conjurations
 + Level 1.1 Necromancy
 - Level 1.0 Transmutations
 * Level 5.3 Poison Magic


You had 3 spell levels left.
You knew the following spells:

 Your Spells              Type           Power      Damage    Failure   Level
a - Sting                 Tmut/Pois      52%        1d5       4%          1
b - Poisonous Vapours     Pois/Air       22%        N/A       9%          2
c - Mephitic Cloud        Conj/Pois/Air  10%        N/A       21%         3

Your spell library contained the following spells:

 Spells                   Type           Power      Damage    Failure   Level
 Magic Dart               Conj           32%        1d4       9%          1
 Kiss of Death            Conj/Necr      28%        2d7       10%         1
 Necrotise                Necr           24%        1d5       12%         1
 Cigotuvi's Dreadful Rot  Necr/Pois/Air  18%        N/A       12%         2
 Call Imp                 Summ           4%         N/A       26%         2
 Vampiric Draining        Necr           6%         2d6       34%         3
 Confusing Touch          Hex            2%         N/A       47%         3
 Olgreb's Toxic Radiance  Pois           20%        N/A       21%         4
 Animate Dead             Necr           6%         N/A       75%         4
 Dispel Undead            Necr           6%         3d8       75%         4


Dungeon Overview and Level Annotations

Branches:
Dungeon (4/15)
 Temple: D:4-7

Altars:
Ashenzari
Kikubaaqudgha


Innate Abilities, Weirdness & Mutations

Your plain brown scales are hard. (AC +5)
You cannot fit into any form of body armour.
You are cold-blooded and may be slowed by cold attacks.


Message History

The sling bullet hits the orc.
The orc is almost dead.
You shoot a sling bullet.
The sling bullet closely misses the orc.
The orc hits you but does no damage.
You shoot a sling bullet. The sling bullet barely misses the orc.
The sling bullet barely misses the orc priest.
The orc misses you. The orc hits you but does no damage.
The orc closely misses you.
You shoot a sling bullet.
The sling bullet closely misses the orc.
You hear a shout!
The orc priest mumbles some strange prayers to Beogh against you.
Pain shoots through your body! The orc closely misses you.
The orc hits you but does no damage.
You shoot a sling bullet.
The sling bullet closely misses the orc.
The orc priest closely misses you. The orc hits you but does no damage. x2
An orc comes into view. It is wielding a +0 morningstar.
The orc priest completely misses you. The orc hits you but does no damage.
The orc barely misses you.
You shoot a sling bullet. The sling bullet barely misses the orc.
The orc priest invokes the aid of Beogh against you.
Beogh smites you!
* * * LOW HITPOINT WARNING * * *
The orc hits you with a +0 hand axe.
* * * LOW HITPOINT WARNING * * *
The orc hits you with a +0 dagger.
* * * LOW HITPOINT WARNING * * *
Casting: Poisonous Vapours (safe; 9% risk of failure)
Confirm with . or Enter, or press ? or * to list all spells.
Aiming: Sting (safe; 4% risk of failure)
Press: ? - help, Shift-Dir - straight line, f - orc priest, p - orc
Aim: an orc priest, wielding a +0 short sword (71% to hit)
The sting hits the orc priest.
The orc priest is poisoned.
The orc priest is lightly wounded.
The orc priest calls down the wrath of Beogh upon you.
Beogh smites you!
You die...
Kikubaaqudgha rasps: "You have failed me!
Welcome... death!"

## ..# ## #..
###.# ... #
#...#
..###.#....#
##.o.#.....#
...#..oo#..[.#
#...o@#...##
#....#.###.#
#...###...#
#.###.#....# #
#..<..#
#....#.#
#...###..
#.###. ...# ##
# ..#


You could see an orc priest (poisoned) and 3 orcs.

Vanquished Creatures
  A hound (D:2)
  A jelly (D:4)
  An orc wizard (D:3)
  4 adders
  2 worms (D:2)
  3 dart slugs
  4 orcs (D:3)
  11 ball pythons
  10 endoplasms
  A giant cockroach (D:1)
  11 goblins
  3 hobgoblins
  A quokka (D:3)
  3 bats
  6 frilled lizards
  7 kobolds
  3 rats
72 creatures vanquished.

Notes
Turn   | Place    | Note
-------+----------+-------------------------------------------
     0 | D:1      | raph the Draconian Venom Mage began the quest for the Orb.
     0 | D:1      | Reached XP level 1. HP: 14/14 MP: 3/3
   188 | D:1      | Reached XP level 2. HP: 20/20 MP: 5/5
   408 | D:1      | Reached skill level 4 in Poison Magic
   414 | D:1      | Learned a level 2 spell: Poisonous Vapours
   539 | D:1      | Reached XP level 3. HP: 26/26 MP: 6/6
   543 | D:1      | Learned a level 3 spell: Mephitic Cloud
   832 | D:1      | Found a broken altar of Ashenzari.
   972 | D:2      | Reached XP level 4. HP: 21/33 MP: 1/7
  1110 | D:2      | Reached skill level 1 in Conjurations
  1647 | D:2      | Found a faded altar of an unknown god.
  1664 | D:2      | Prayed at the altar of an unknown god.
  1664 | D:2      | Became a worshipper of Kikubaaqudgha
  1664 | D:2      | Reached * piety under Kikubaaqudgha
  1664 | D:2      | Received a gift from Kikubaaqudgha
  2560 | D:3      | Reached skill level 5 in Poison Magic
  2574 | D:3      | Reached XP level 5. HP: 24/38 MP: 0/8
  3041 | D:4      | Reached skill level 1 in Necromancy
  3055 | D:4      | Killed from afar by an orc priest

Illustrated notes

Levels and vault maps discovered:
D:1:      dpeg_arrival_water_altar, layout_rooms, serial_bayou_pond_b
D:2:      layout_basic, shapermc_ecumenical_altar_ellora
D:3:      layout_loops_ring
D:4:      nicolae_BIG_FREAKIN_CUBE, layout_cave_pods, uniq_ijyb

Skill      XL: |  1  2  3  4  5 |
---------------+----------------+-----
Poison Magic   | 4 5 |  5.3
Conjurations   | 1 |  1.9
Necromancy     | 1 |  1.1
Dodging        | |  1.7
Stealth        | |  1.7
Spellcasting   | |  2.7
Transmutations | |  1.0

Action                     |  1- 3 |  4- 6 || total
---------------------------+-------+-------++-------
   Fire: Sling             |    67 |   151 ||   218
   Cast: Sting             |    23 |    17 ||    40
         Poisonous Vapours |     1 |     3 ||     4
    Use: Scroll            |     6 |    11 ||    17
 Armour: Skin              |    18 |    46 ||    64
  Dodge: Dodged            |    30 |    77 ||   107
  Block: Other             |       |     1 ||     1
